AoeStats
← kingvtech555

Black Forest

505218760Analyzed
3v3 RM · 24d ago on Sep 8, 2026· 60m 26s· 6 players
Game mode
Random Map
Map size
Normal (6 player)
Population
200
Speed
Normal
Resources
Standard
Victory
Conquest
Starting age
Dark Age
Ending age
Imperial Age
RankedLock teamsTeams togetherTeam positionsShared explorationLock speedFull tech treeHidden civsTurbo modeCheats
Victory
Defeat
🇦🇺 Franks · Australia
627
+19
🇦🇺 Franks · Australia
627
+19
🇦🇺 Turks · Australia
627
+19
🇸🇪 Celts · Sweden
759
-21
🇪🇸 Britons · Spain
672
-18
🇩🇰 Spanish · Denmark
659
-18
kingvtech555
2:03 Loom
13:39 Feudal Age
14:30 Double-Bit Axe
14:28 Horse Collar
23:55 Castle Age
25:45 Fletching
25:56 Padded Archer Armor
27:04 Gold Mining
27:06 Stone Mining
28:28 Crossbowman
29:21 Bodkin Arrow
40:41 Imperial Age
39:14 Yeomen
39:14 Husbandry
41:20 Leather Archer Armor
41:19 Forging
42:15 Warwolf
44:00 Scale Barding Armor
44:15 Town Watch
45:56 Conscription
45:48 Scale Mail Armor
45:12 Man-at-Arms
45:40 Gambesons
45:30 Pikeman
46:12 Squires
47:10 Ballistics
48:38 Chemistry
47:33 Treadmill Crane
Fatt Damon
13:12 Feudal Age
13:19 Loom
16:57 Double-Bit Axe
19:44 Horse Collar
24:32 Castle Age
26:54 Bow Saw
26:47 Heavy Plow
29:50 Wheelbarrow
29:13 Pikeman
31:52 Squires
32:36 Fletching
33:57 Hand Cart
33:53 Town Watch
34:27 Scale Mail Armor
34:38 Forging
34:23 Bodkin Arrow
35:11 Town Patrol
35:59 Ballistics
36:47 Padded Archer Armor
37:23 Iron Casting
40:44 Imperial Age
39:11 Leather Archer Armor
40:21 Scale Barding Armor
40:47 Halberdier
42:10 Conscription
43:42 Blast Furnace
42:59 Chain Mail Armor
43:07 Chain Barding Armor
42:49 Bracer
43:22 Ring Archer Armor
44:56 Chemistry
44:52 Elite Conquistador
46:48 Murder Holes
Wirsh
0:47 Loom
lKurdSta
11:21 Feudal Age
12:23 Double-Bit Axe
21:06 Castle Age
27:35 Bow Saw
29:59 Imperial Age
27:36 Loom
31:26 Wheelbarrow
30:38 Town Watch
30:52 Stone Mining
31:27 Caravan
33:07 Hand Cart
36:28 Padded Archer Armor
36:19 Fletching
36:40 Forging
36:30 Scale Mail Armor
36:36 Town Patrol
37:42 #83
37:44 Conscription
37:50 Conscription
36:54 Elite Throwing Axeman
38:58 Pikeman
39:39 Capped Ram
41:04 Halberdier
41:45 Squires
42:12 Siege Engineers
42:28 Ballistics
43:08 Chemistry
41:58 Arrowslits
43:04 Cavalier
43:45 Husbandry
44:06 Chivalry
44:23 Paladin
46:51 Iron Casting
46:31 Chain Mail Armor
46:22 Scale Barding Armor
46:32 Leather Archer Armor
46:12 Bodkin Arrow
46:23 Arson
49:05 Masonry
56:38 Blast Furnace
56:08 Plate Mail Armor
55:59 Chain Barding Armor
The Fiddler
0:55 Loom
10:42 Feudal Age
23:12 Castle Age
22:55 Gold Mining
24:11 Horse Collar
24:19 Double-Bit Axe
24:29 Stone Mining
26:04 Bow Saw
25:56 Heavy Plow
27:12 Gold Shaft Mining
33:58 Imperial Age
33:18 Coinage
32:48 Caravan
32:58 Caravan
34:28 Wheelbarrow
36:10 Two-Man Saw
35:37 Masonry
37:01 Hand Cart
39:29 Guilds
40:14 Banking
43:07 Murder Holes
43:23 Fortified Wall
43:05 Guard Tower
43:01 Arrowslits
43:51 Architecture
43:43 Bombard Tower
43:13 Treadmill Crane
43:24 Heated Shot
44:09 Ballistics
AdxmRynar
1:18 Loom
15:42 Feudal Age
17:05 Wheelbarrow
19:15 Double-Bit Axe
19:14 Man-at-Arms
19:40 Arson
22:00 Gold Mining
24:26 Stone Mining
28:17 Castle Age
27:01 Scale Barding Armor
27:10 Scale Mail Armor
27:26 Forging
28:02 Scale Barding Armor
30:25 Bow Saw
31:07 Gold Shaft Mining
33:32 Chain Barding Armor
33:27 Chain Mail Armor
34:00 Iron Casting
35:43 Hand Cart
39:19 Imperial Age
38:34 Long Swordsman
39:01 Gambesons
39:33 Two-Handed Swordsman
43:12 Plate Barding Armor
43:08 Plate Mail Armor
43:38 Blast Furnace
43:01 Champion
46:28 Blast Furnace
57:34 Pikeman
58:15 Squires
Connection lost

Rejoining the realm…

Still unreachable

The connection could not be restored.

Session expired

The server has moved on; the page needs a fresh start.